 Dungeon Crawl Stone Soup version 0.29.1-4-g47bece8355 (webtiles) character file.

Game seed: 3482147435935802593

28 ChadusMaximus the Caller (level 3, 0/24 HPs)
             Began as a Human Summoner on Dec 6, 2022.
             Slain by a hobgoblin (2 damage)
             ... on level 2 of the Dungeon.
             The game lasted 00:01:17 (1417 turns).

ChadusMaximus the Caller (Human Summoner)           Turns: 1417, Time: 00:01:17

Health: 0/24       AC:  2    Str:  8    XL:     3   Next: 30%
Magic:  3/6        EV: 12    Int: 17    God:
Gold:   76         SH:  0    Dex: 13    Spells: 5/6 levels left

rFire   . . .      SeeInvis .   k - +0 spear
rCold   . . .      Faith    .   (no shield)
rNeg    . . .      Spirit   .   a - +0 robe
rPois   .          Reflect  .   (no helmet)
rElec   .          Harm     .   (no cloak)
rCorr   .          Rampage  .   (no gloves)
Will    .....                   (no boots)
Stlth   ++........              (no amulet)
HPRegen 0.08/turn               (no ring)
MPRegen 0.10/turn               (no ring)

@: no status effects
A: no striking features
a: no special abilities


You were on level 2 of the Dungeon.
You visited 1 branch of the dungeon, and saw 2 of its levels.

You collected 76 gold pieces.

Inventory:

Hand Weapons
 g - a +0 falchion
 k - a +0 spear (weapon)
Armour
 a - a +0 robe (worn)
Jewellery
 h - an amulet of regeneration
 l - a ring of positive energy
Scrolls
 c - a scroll of identify {unknown}
 d - 2 scrolls of teleportation {unknown}
 e - a scroll of amnesia {unknown}
 i - a scroll of enchant weapon {unknown}
 j - a scroll of immolation {unknown}
Potions
 b - 2 potions of magic
 f - a potion of invisibility {unknown}


   Skills:
 + Level 2.4 Dodging
 + Level 2.5 Stealth
 + Level 2.3 Spellcasting
 + Level 4.2 Summonings


You had 5 spell levels left.
You knew the following spells:

 Your Spells              Type           Power      Damage    Failure   Level
a - Summon Small Mammal   Summ           64%        N/A       3%          1

Your spell library contained the following spells:

 Spells                   Type           Power      Damage    Failure   Level
 Call Imp                 Summ           16%        N/A       4%          2
 Call Canine Familiar     Summ           16%        N/A       10%         3
 Summon Guardian Golem    Hex/Summ       9%         N/A       24%         3
 Summon Lightning Spire   Summ/Air       9%         N/A       61%         4


Dungeon Overview and Level Annotations

Branches:
Dungeon (2/15)

Altars:


Message History

You hit the hobgoblin but do no damage.
Your bat hits the hobgoblin but does no damage.
Your quokka bites the hobgoblin but does no damage.
The hobgoblin misses you.
Your quokka misses the hobgoblin. You hit the hobgoblin but do no damage.
Your bat hits the hobgoblin but does no damage.
The hobgoblin barely misses you.
Your quokka bites the hobgoblin but does no damage.
You hit the hobgoblin but do no damage.
Your quokka bites the hobgoblin but does no damage.
The hobgoblin misses you.
Your bat hits the hobgoblin but does no damage.
Unknown command.
You hit the hobgoblin but do no damage.
Your bat hits the hobgoblin but does no damage.
Your quokka closely misses the hobgoblin.
The hobgoblin completely misses you.
Your quokka bites the hobgoblin.
You closely miss the hobgoblin.
The hobgoblin is moderately wounded.
Your bat hits the hobgoblin but does no damage.
The hobgoblin hits you.
* * * LOW HITPOINT WARNING * * *
Your quokka bites the hobgoblin but does no damage.
Your bat closely misses the hobgoblin.
You closely miss the hobgoblin.
The hobgoblin is moderately wounded.
Your bat closely misses the hobgoblin.
The hobgoblin barely misses you.
Your quokka closely misses the hobgoblin.
Unknown command.
Unknown command.
The hobgoblin attacks as you move away! The hobgoblin closely misses you.
Your bat barely misses the hobgoblin.
Your bat hits the hobgoblin but does no damage.
Your quokka barely misses the hobgoblin.
The hobgoblin hits you.
* * * LOW HITPOINT WARNING * * *
Your quokka closely misses the hobgoblin.
Your bat hits the hobgoblin but does no damage.
The hobgoblin attacks as you move away! The hobgoblin hits you.
You die...

...# ##.#...##. #..#
##..#.####. #..# #..#..# #.
###### #..# #.##.## #..
#....# ##..####....# #.
#....# ##.....>..#### #
#....######..r.###....# #
#...........g..##..##.#####.#
#....#######@.b##...........#
#....# ####..................
#....###.......##........#.##
#....#...##.#...####r...##.##
#......^....#...# ###......##
#..[.##.######..###....##..##
#....##.# ##..#...#### .#.
#####...###.# #....ยงยง..# ##
......#.##..# ##..#.#....#


You could see a hobgoblin (ally target), a friendly quokka (summoned) and a
friendly bat (summoned).

Vanquished Creatures
  A dart slug (D:1)
  An endoplasm (D:2)
  A giant cockroach (D:2)
  A goblin (D:2)
  A ball python (D:2)
  2 bats
  A rat (D:1)
8 creatures vanquished.

Vanquished Creatures (collateral kills)
  An adder (D:2)
  A worm (D:2)
  A giant cockroach (D:1)
  A goblin (D:2)
  A quokka (D:1)
  A kobold (D:2)
  A rat (D:2)
7 creatures vanquished.

Grand Total: 15 creatures vanquished

Notes
Turn   | Place    | Note
-------+----------+-------------------------------------------
     0 | D:1      | ChadusMaximus the Human Summoner began the quest for the
                  | Orb.
     0 | D:1      | Reached XP level 1. HP: 13/13 MP: 3/3
   585 | D:1      | Reached XP level 2. HP: 19/19 MP: 5/5
  1003 | D:2      | Found a faded altar of an unknown god.
  1398 | D:2      | Reached XP level 3. HP: 5/24 MP: 3/6
  1417 | D:2      | Slain by a hobgoblin

Illustrated notes

Levels and vault maps discovered:
D:1:      scummos_arrival_forest, layout_rooms, nicolae_hexahallways
D:2:      layout_rooms, dreamdust_ecumenical_altar_angels_and_demons,
          kennysheep_generic_room_4

Action                   || total
-------------------------++-------
Melee: Unarmed           ||     7
       Falchion          ||     4
       Spear             ||    56
 Cast: Summon Small Mamm ||    18
 Stab: Sleeping          ||     2
       Distracted        ||     1
Armor: Robe              ||    18
Dodge: Dodged            ||    42
